 Dungeon Crawl Stone Soup version 0.23-a0-435-g79ed067 (webtiles) character file.

39 rabbit the Caller (level 3, -3/19 HPs)
             Began as a Deep Elf Summoner on Nov 10, 2018.
             Killed by divine providence
             ... invoked by an orc priest
              (12 damage)
             ... on level 2 of the Dungeon on Nov 15, 2018.
             The game lasted 00:14:04 (1997 turns).

rabbit the Caller (Deep Elf Summoner)               Turns: 1997, Time: 00:14:05

Health: -3/19      AC:  2    Str:  5    XL:     3   Next: 26%
Magic:  4/9        EV: 13    Int: 20    God:
Gold:   197        SH:  0    Dex: 15    Spells: 5/8 levels left

rFire    . . .     SeeInvis .   b - +2 hunting sling (velocity)
rCold    . . .     Gourm    .   (no shield)
rNeg     . . .     Faith    .   e - +0 robe
rPois    .         Spirit   .   (no helmet)
rElec    .         Reflect  .   (no cloak)
rCorr    .         Harm     .   (no gloves)
MR       .....                  (no boots)
Stlth    ++........             (no amulet)
HPRegen  0.06/turn              (no ring)
MPRegen  0.11/turn              (no ring)

@: no status effects
A: no striking features
a: no special abilities


You were on level 2 of the Dungeon.
You were not hungry.

You visited 1 branch of the dungeon, and saw 3 of its levels.

You collected 197 gold pieces.

Inventory:

Hand Weapons
 a - a +0 trident
 b - a +2 hunting sling of velocity (weapon)
 q - a +0 dagger
Missiles
 r - 15 stones (quivered)
Armour
 e - a +0 robe (worn)
Scrolls
 d - a scroll of random uselessness {unknown}
 g - a scroll of fog {unknown}
 h - 2 scrolls of teleportation {unknown}
 k - a scroll of fear {unknown}
 l - 2 scrolls of magic mapping {unknown}
 o - a scroll of noise {unknown}
 p - a scroll of identify {unknown}
 s - a scroll of remove curse {unknown}
Potions
 f - a potion of agility {unknown}
 i - a potion of curing {unknown}
 j - a potion of haste {unknown}
 m - 2 potions of might {unknown}
 n - 2 potions of degeneration {unknown}
Comestibles
 c - 4 rations


   Skills:
 - Level 0.1 Fighting
 - Level 0.5 Slings
 - Level 2.4 Dodging
 - Level 2.4 Stealth
 + Level 3.3 Spellcasting
 * Level 5.3 Summonings


You had 5 spell levels left.
You knew the following spells:

 Your Spells              Type           Power        Failure   Level  Hunger
a - Summon Small Mammal   Summ           ###.         1%          1    None
b - Call Imp              Summ           ###.....     2%          2    ##.....

Your spell library contained the following spells:

 Spells                   Type           Power        Failure   Level  Hunger
 Call Canine Familiar     Summ           ###.....     4%          3    ###....
 Animate Skeleton         Necr           N/A          14%         1    None
 Apportation              Tloc           #.....       14%         1    None
 Confusing Touch          Hex            #.....       14%         1    None
 Summon Guardian Golem    Hex/Summ       ##......     14%         3    ###....
 Summon Ice Beast         Ice/Summ       ##......     41%         4    ####...
 Summon Lightning Spire   Summ/Air       ##......     41%         4    ####...


Dungeon Overview and Level Annotations

Branches:
Dungeon (3/15)

Altars:
Makhleb
Qazlal
Wu Jian
Zin


Message History

Confirm with . or Enter, or press ? or * to list all spells.
Your bat barely misses the orc priest.
The orc priest looks encouraged for a moment.
Your bat barely misses the orc priest.
What are your orders? t - Shout!
Orders for allies: a - Attack new target. r - Retreat! s - Stop attacking. g - Guard the area. f - Follow me.
Anything else - Cancel.
Gang up on whom?
Press: ? - help, Dir - move target cursor, f - orc priest
Aim: an orc priest, wielding a +0 falchion (severely wounded) Attack!
Your bat hits the orc priest but does no damage.
Your rat bites the orc priest.
The orc priest invokes the aid of Beogh against you.
Beogh smites you!
Ouch! That really hurt!
You die...

###.# #.......##.##.##...#....#
....####)...................###
###....'......##.###.###..###
## #.####......#........#..# #.
#.################.#.#.## #.
#.##...............#.#.# #.
###.##.###############.#.# #.
....##.# ##..r....#.# #.
######.#### #.@o.......# #.
#.......# #..r......## #.
#.......# #.b.......# #####.
#.......# #.........# #.....
###.......# #.........# #.####
..........# #.........# #.#
..........# ########.#####.#
......##.## #.......#
......##.###### ###.#######


You could see an orc priest, a friendly bat and 2 friendly rats.

Vanquished Creatures
  An orc (D:3)
  A bat (D:3)
  A hobgoblin (D:3)
  A kobold (D:3)
  A rat (D:3)
5 creatures vanquished.

Vanquished Creatures (collateral kills)
  An adder (D:3)
  A dart slug (D:2)
  2 orcs (D:3)
  A giant cockroach (D:1)
  7 goblins
  6 hobgoblins
  4 kobolds
  4 bats
  A frilled lizard (D:3)
  6 rats
33 creatures vanquished.

Grand Total: 38 creatures vanquished

Notes
Turn   | Place    | Note
-------+----------+-------------------------------------------
     0 | D:1      | rabbit the Deep Elf Summoner began the quest for the Orb.
     0 | D:1      | Reached XP level 1. HP: 10/10 MP: 6/6
   518 | D:1      | Reached XP level 2. HP: 15/15 MP: 5/8
   522 | D:1      | Learned a level 2 spell: Call Imp
   633 | D:2      | Found a glowing silver altar of Zin.
   642 | D:2      | Found a burning altar of Makhleb.
   728 | D:2      | Reached skill level 5 in Summonings
   735 | D:2      | Upgraded the game from 0.23-a0-417-gf02c810 to
                  | 0.23-a0-435-g79ed067
  1570 | D:3      | Found an ornate altar of the Wu Jian Council.
  1625 | D:3      | Reached XP level 3. HP: 10/19 MP: 3/9
  1845 | D:3      | Found a stormy altar of Qazlal.
  1997 | D:2      | Killed from afar by an orc priest

Vault maps used:
D:1:      noname_arrival_rooms_in_the_neighbourhood, minmay_pentomino_v4
D:2:      bloody_makhleb, lemuel_crystal_altar
D:3:      lemuel_doored_altar, nicolae_qazlal_general_emergency

Skill      XL: |  1  2 |
---------------+-------+-----
Summonings     | 5 |  5.3
Fighting       | |  0.1
Slings         | |  0.5
Dodging        | |  2.4
Stealth        | |  2.4
Spellcasting   | |  3.3

Action                   || total
-------------------------++-------
Melee: Unarmed           ||     3
 Fire: Hunting sling     ||    16
 Cast: Summon Small Mamm ||    86
       Call Imp          ||     5
  Eat: Chunk             ||     3
Armor: Robe              ||     9
Dodge: Dodged            ||    27

Table legend:
 A = Non-vault XP
 B = Vault XP
 C = Vault XP percentage of total XP
 D = Non-vault monster count
 E = Vault monster count
 F = Vault count percentage of total count
                 A         B        C        D         E       F
            +---------+---------+-------+---------+---------+-------
      Total |      54 |       2 |   3.6 |      36 |       2 |   5.3
            +---------+---------+-------+---------+---------+-------
        D:1 |      11 |       2 |  15.4 |      11 |       2 |  15.4
        D:2 |      11 |       0 |   0.0 |      10 |       0 |   0.0
        D:3 |      32 |       0 |   0.0 |      15 |       0 |   0.0
            +---------+---------+-------+---------+---------+-------
